cohdb
Replays
Latest Replays
All Replays
Popular Replays
Top Player Replays
Match Explorer
How It Works
Community
CoH3 Stats
Reddit
Sign in to upload your games and track your stats! →
Sign in with Steam
Match 28336338
Unlisted
Match 28336338
Overview
Messages
Build Orders
End
Construct Barracks
Selects Advanced Infantry Battlegroup
Riflemen Squad
Riflemen Squad
M1 Mortar Team
Riflemen Squad
Infantry Support Center
Construct Medical Station
M1 Mortar Team
Construct Motor Pool
Selects Artillery Observers
M8 Greyhound Armored Car
Engineer Squad
M8 Greyhound Armored Car
Selects Convert to Ranger Squad
M1 Anti-tank Gun Team
M1 Anti-tank Gun Team
Selects Frontline Medical Station
Grenade Package
Construct Tank Depot
M1 Mortar Team
Advanced Logistics
Demolitions Package
Riflemen Squad
Selects Infantry Assault
Infantry Assault
Survival Training
Infantry Assault
Construct Tank Depot
Infantry Assault
Engineer Squad
Munitions Surplus
Frontline Medical Station
Infantry Assault
M1 Anti-tank Gun Team
Infantry Assault
PandaWarrior
Wrathment
0
0
Comments
sign in to comment!
No comments posted yet!